AoeStats
← EstebanB

African Clearing

505696307Analyzed
2v2 RM · 23d ago on Sep 10, 2026· 58m 22s· 4 players
Game mode
Random Map
Map size
Medium (4 player)
Population
200
Speed
Normal
Resources
Standard
Victory
Conquest
Starting age
Dark Age
Ending age
Imperial Age
RankedLock teamsTeams togetherTeam positionsShared explorationLock speedFull tech treeHidden civsTurbo modeCheats
Victory
Defeat
🇨🇱 Maya · Chile
1016
+16
🇲🇽 Burgundians · Mexico
1015
+16
🇩🇪 Ethiopians · Germany
1023
-16
🇩🇪 Mongols · Germany
1015
-16
Zkyzo
11:13 Loom
11:47 Double-Bit Axe
15:03 Feudal Age
20:11 Castle Age
18:54 Bow Saw
18:41 Gold Mining
24:48 Forging
24:44 Scale Barding Armor
25:33 Cavalier
30:24 Husbandry
32:55 Iron Casting
43:16 Gold Shaft Mining
44:08 Fletching
52:25 Redemption
57:06 Wheelbarrow
59:20 Imperial Age
58:15 Hand Cart
EstebanB
12:59 Feudal Age
16:21 Loom
18:50 Castle Age
17:08 Horse Collar
18:13 Double-Bit Axe
19:08 Fletching
20:23 Bow Saw
21:32 Padded Archer Armor
22:15 Heavy Plow
22:42 Gold Mining
24:21 Wheelbarrow
23:52 Crossbowman
24:58 Squires
27:26 Hand Cart
27:36 Bodkin Arrow
30:32 Leather Archer Armor
35:52 Imperial Age
33:23 Pikeman
35:01 Ballistics
35:36 Town Watch
35:47 Arson
36:32 Forging
36:22 Scale Mail Armor
36:30 Thumb Ring
39:03 Chemistry
38:36 Town Patrol
38:30 Stone Mining
38:49 Eagle Warrior
41:20 Stone Shaft Mining
44:31 Chain Mail Armor
44:52 Iron Casting
45:46 Iron Casting
47:08 Conscription
46:16 Elite Plumed Archer
48:15 Two-Man Saw
48:02 Plate Mail Armor
47:26 Elite Eagle Warrior
50:14 Masonry
49:59 Murder Holes
53:50 Blast Furnace
52:47 Halberdier
57:31 Bracer
58:01 Ring Archer Armor
MRKijantscho
3:58 Loom
15:23 Feudal Age
15:59 Double-Bit Axe
15:56 Horse Collar
16:58 Wheelbarrow
17:58 Fletching
18:56 Padded Archer Armor
24:35 Castle Age
25:21 Squires
24:43 Crossbowman
25:20 Bodkin Arrow
25:27 Heavy Plow
25:43 Bow Saw
26:39 Elite Skirmisher
28:51 Ballistics
29:47 Leather Archer Armor
35:58 Gold Mining
38:41 Arson
45:57 Scale Mail Armor
46:08 Forging
DaSpin789
5:23 Loom
13:05 Feudal Age
19:28 Castle Age
17:31 Horse Collar
18:25 Double-Bit Axe
19:55 Bloodlines
25:20 Forging
27:37 Bow Saw
27:58 Heavy Plow
28:44 Scale Barding Armor
29:55 Wheelbarrow
29:54 Stone Mining
34:50 Iron Casting
35:36 Hand Cart
35:20 Elite Skirmisher
36:05 Padded Archer Armor
37:00 Gold Mining
41:18 Imperial Age
38:55 Squires
39:33 Fletching
41:03 Bodkin Arrow
42:13 Gold Shaft Mining
44:24 Arson
44:44 Pikeman
45:27 Scale Mail Armor
45:22 Heavy Scorpion
46:49 Leather Archer Armor
46:23 Sappers
47:34 Capped Ram
49:28 Stone Shaft Mining
51:18 Siege Ram
53:54 Drill
Connection lost

Rejoining the realm…

Still unreachable

The connection could not be restored.

Session expired

The server has moved on; the page needs a fresh start.